 Dungeon Crawl Stone Soup version 0.28.0-53-g5a82cb258f (webtiles) character file.

Game seed: 17109365464698494808

862 SanguineChosen the Cudgeller (level 8, -4/48 HPs)
             Began as a Gargoyle Monk on June 29, 2022.
             Slain by a killer bee (8 damage)
             ... on level 5 of the Dungeon.
             The game lasted 00:16:42 (6078 turns).

SanguineChosen the Cudgeller (Gargoyle Monk)        Turns: 6078, Time: 00:16:43

Health: -4/48      AC: 12    Str: 21    XL:     8   Next: 2%
Magic:  8/8        EV: 11    Int: 11    God:
Gold:   141        SH:  0    Dex: 12    Spells: 7/7 levels left

rFire   + + .      SeeInvis +   a - +0 mace
rCold   . . .      Faith    .   (no shield)
rNeg    + + +      Spirit   .   p - +0 scale mail "Bieg" {rF++ rN+ Regen+ Str+4}
rPois   ∞          Reflect  .   (no helmet)
rElec   +          Harm     .   (no cloak)
rCorr   .          Rampage  .   (no gloves)
Will    .....                   (no boots)
Stlth   +.........              (no amulet)
HPRegen 0.96/turn               h - ring of see invisible
MPRegen 0.11/turn               m - ring of positive energy

@: mighty, brilliant
A: sickness immunity, AC +5, negative energy resistance 1, electricity
resistance, torment resistance 1, petrification resistance
a: no special abilities


You were on level 5 of the Dungeon.
You visited 1 branch of the dungeon, and saw 5 of its levels.

You collected 141 gold pieces.

Inventory:

Hand Weapons
 a - a +0 mace (weapon)
Armour
 b - a +0 robe
 k - a +0 leather armour
 o - a +1 ring mail of fire resistance
 p - the +0 scale mail "Bieg" (worn) {rF++ rN+ Regen+ Str+4}
   (You found it on level 4 of the Dungeon)

   Str:       It affects your strength (+4).
   rF:        It greatly protects you from fire.
   rN:        It protects you from negative energy.
   Regen:     It increases your rate of health regeneration.
Jewellery
 h - a ring of see invisible (left hand)
 l - the amulet of the Air {Inacc Air Fly rElec RMsl}
   (You found it on level 2 of the Dungeon)

   [amulet of nothing]

   It reduces the accuracy of all your attacks.
   It enhances your air magic.
   rElec:     It insulates you from electricity.
   Fly:       It grants you flight.
   RMsl:      It protects you from missiles.
 m - a ring of positive energy (right hand)
Wands
 w - a wand of iceblast (4)
Scrolls
 c - 3 scrolls of blinking {unknown}
 e - 3 scrolls of identify {unknown}
 f - 2 scrolls of immolation {unknown}
 i - 2 scrolls of teleportation {unknown}
 j - a scroll of noise {unknown}
 n - a scroll of fear {unknown}
 q - a scroll of enchant weapon {unknown}
 r - a scroll of silence {unknown}
 u - a scroll of enchant armour {unknown}
Potions
 d - a potion of might
 g - a potion of brilliance
 s - a potion of haste
 t - 4 potions of curing {unknown}
 v - a potion of lignification {unknown}


   Skills:
 + Level 4.9 Fighting
 + Level 6.2 Maces & Flails
 + Level 3.7 Armour
 + Level 3.4 Dodging
 + Level 4.7 Stealth


You had 7 spell levels left.
You didn't know any spells.
Your spell library contained the following spells:

 Spells                   Type           Power      Damage    Failure   Level
 Gell's Gravitas          Tloc           0%         N/A       95%         3
 Teleport Other           Tloc           0%         N/A       95%         3
 Petrify                  Tmut/Erth      0%         N/A       100%        4
 Irradiate                Conj/Tmut      0%         3d13      100%        5
 Dispersal                Tloc           0%         N/A       100%        6
 Sublimation of Blood     Necr           Unusable   N/A       N/A         2

Dungeon Overview and Level Annotations

Branches:
Dungeon (5/15)
 Temple: D:4-7

Altars:
Okawaru
Qazlal
Xom


Innate Abilities, Weirdness & Mutations

You are immune to sickness and miasma.
Your stone body is resilient. (AC +5)
You are immune to poison.
You resist negative energy. (rN+)
You are resistant to electric shocks. (rElec)
You are resistant to unholy torment.
You are immune to petrification.


Message History

You have reached level 8!
You feel clever.
Aiming: Iceblast
Press: ? - help, Q - select action Shift-Dir - straight line The mass of ice explodes!
The iceblast engulfs the white imp!
The white imp partially resists.
The white imp is severely wounded.
The phantom completely misses you. The white imp gestures at you.
The puff of frost hits you.
You barely miss the white imp.
The white imp is severely wounded.
The killer bee stings you. x2
The white imp hits you but does no damage.
The killer bee stings you but does no damage.
You hit the white imp.
You kill the white imp!
The killer bee stings you.
The killer bee stings you but does no damage.
Found a manual of Air Magic.
The phantom barely misses you. The killer bee stings you!
* * * LOW HITPOINT WARNING * * *
It was a potion of brilliance.
You feel clever all of a sudden. The killer bee closely misses you.
The phantom misses you.
The killer bee stings you but does no damage.
It was a potion of might.
You feel very mighty all of a sudden. The killer bee closely misses you.
The phantom hits you.
* * * LOW HITPOINT WARNING * * *
The killer bee barely misses you.
You sock the killer bee!
The killer bee is heavily wounded.
The killer bee barely misses you. The phantom hits you.
* * * LOW HITPOINT WARNING * * *
The killer bee stings you but does no damage.
You barely miss the killer bee.
The killer bee is heavily wounded.
The killer bee barely misses you. The killer bee stings you!
You die...

#..........#....## .
#............#..#
..##...........#...#
...........$..#..##
#...............#
#..........#...#
#.#.........#.....
#.##Wy.#####/..## #
#†#@.# .... #.##..#
..# #. ...# # .#..#
#:#.## . ..# ## .##
#


You could see a phantom and a killer bee.

Vanquished Creatures
  Sigmund (D:2)
  A yak (D:5)
  A black bear (D:4)
  A necrophage (D:4)
  An ogre (D:4)
  A scorpion (D:4)
  A water moccasin skeleton (D:4)
  A hound (D:5)
  An orc priest (D:3)
  3 adders
  A white imp (D:5)
  A worm (D:3)
  2 dart slugs (D:3)
  11 orcs
  5 ball pythons
  6 endoplasms
  2 giant cockroaches (D:4)
  5 goblins
  5 hobgoblins
  5 jackals
  2 quokkas (D:1)
  5 bats
  6 frilled lizards
  5 kobolds
  2 rats (D:3)
75 creatures vanquished.

Vanquished Creatures (others)
  A plant (D:4)
1 creature vanquished.

Grand Total: 76 creatures vanquished

Notes
Turn   | Place    | Note
-------+----------+-------------------------------------------
     0 | D:1      | SanguineChosen the Gargoyle Monk began the quest for the
                  | Orb.
     0 | D:1      | Reached XP level 1. HP: 14/14 MP: 1/1
   753 | D:1      | Reached XP level 2. HP: 11/19 MP: 2/2
  1812 | D:1      | Reached XP level 3. HP: 23/23 MP: 3/3
  2296 | D:2      | Found the amulet of the Air {Inacc Air Fly rElec RMsl}
  2326 | D:2      | Found a faded altar of an unknown god.
  2337 | D:2      | Noticed Sigmund
  2364 | D:2      | HP: 1/23 [Sigmund/magic dart (2)]
  2365 | D:2      | Killed Sigmund
  2366 | D:2      | Reached skill level 4 in Maces & Flails
  2366 | D:2      | Reached XP level 4. HP: 1/29 MP: 4/4
  2366 | D:2      | Reached XP level 5. HP: 2/33 MP: 5/5
  2651 | D:2      | You fall into a shaft and drop 2 floors!
  2877 | D:4      | Reached XP level 6. HP: 30/38 MP: 6/6
  2946 | D:4      | Identified the +0 scale mail "Bieg" {rF++ rN+ Regen+ Str+4}
  2948 | D:4      | Noticed a black bear
  3047 | D:3      | Found a stormy altar of Qazlal.
  4192 | D:3      | Reached skill level 1 in Armour
  4386 | D:3      | Found a shimmering altar of Xom.
  4428 | D:3      | Found an iron altar of Okawaru.
  4516 | D:3      | Reached skill level 5 in Maces & Flails
  4898 | D:4      | Killed a black bear
  4899 | D:4      | Reached XP level 7. HP: 29/44 MP: 7/7
  6036 | D:5      | Entered Level 5 of the Dungeon
  6047 | D:5      | Noticed a yak
  6069 | D:5      | Killed a yak
  6070 | D:5      | Reached skill level 6 in Maces & Flails
  6070 | D:5      | Reached XP level 8. HP: 19/48 MP: 8/8
  6078 | D:5      | Slain by a killer bee

Illustrated notes

Levels and vault maps discovered:
D:1:      minmay_arrival_split_and_join, layout_basic
D:2:      layout_basic, chequers_ecumenical_altar_simple, serial_bayou_lagoon_a,
          uniq_sigmund
D:3:      layout_loops_cross, nicolae_qazlal_eye_of_the_storm,
          mainiacjoe_overflow_two_lobes, kennysheep_generic_room_10
D:4:      layout_layer_cave, grunt_ministairs_12, serial_bayou_pond_d
D:5:      layout_basic, slow_altar_2, mainiacjoe_overflow_boulevard,
          minmay_manual_mess

Skill      XL: |  1  2  3  4  5  6  7 |
---------------+----------------------+-----
Fighting       | 4 |  4.9
Maces & Flails | 4 5 6 |  6.2
Dodging        | 3 |  3.4
Stealth        | 4 |  4.7
Armour         | 2 3 |  3.7

Action                   |  1- 3 |  4- 6 |  7- 9 || total
-------------------------+-------+-------+-------++-------
Melee: Mace              |    77 |   142 |    89 ||   308
       Punch             |     1 |     2 |     2 ||     5
Evoke: Wand              |       |       |     1 ||     1
  Use: Potion            |       |       |     2 ||     2
 Stab: Sleeping          |     9 |     1 |       ||    10
Armor: Robe              |    23 |       |       ||    23
       Leather armour    |     1 |    12 |       ||    13
       Ring mail         |       |     3 |       ||     3
       Scale mail        |       |    78 |    33 ||   111
Dodge: Dodged            |    51 |    81 |    55 ||   187
